 Dungeon Crawl Stone Soup version 0.29.1-2-gbd0b4ee654 (webtiles) character file.

Game seed: 15133667508684604080

406 safid the Shooter (level 6, -2/57 HPs)
             Began as a Minotaur Hunter on Nov 4, 2022.
             Slain by a gnoll
             ... wielding a +0 whip of electrocution
              (7 damage)
             ... on level 3 of the Dungeon.
             The game lasted 00:03:55 (2117 turns).

safid the Shooter (Minotaur Hunter)                 Turns: 2117, Time: 00:03:56

Health: -2/57      AC:  7    Str: 16    XL:     6   Next: 56%
Magic:  5/5        EV: 10    Int:  6    God:
Gold:   96         SH:  0    Dex: 21    Spells: 5/5 levels left

rFire   . . .      SeeInvis .   a - +0 shortbow
rCold   . . .      Faith    .   (shield currently unavailable)
rNeg    . . .      Spirit   .   o - +0 scale mail
rPois   .          Reflect  .   (helmet restricted)
rElec   .          Harm     .   (no cloak)
rCorr   .          Rampage  .   (no gloves)
Will    .....                   n - +0 pair of boots
Stlth   +.........              (no amulet)
HPRegen 0.19/turn               l - +6 ring of dexterity
MPRegen 0.09/turn               (no ring)

@: no status effects
A: horns 2, retaliatory headbutt
a: no special abilities


You were on level 3 of the Dungeon.
You visited 1 branch of the dungeon, and saw 3 of its levels.

You collected 96 gold pieces.

Inventory:

Hand Weapons
 a - a +0 shortbow (weapon)
Missiles
 q - 2 throwing nets
Armour
 n - a +0 pair of boots (worn)
 o - a +0 scale mail (worn)
Jewellery
 c - a +6 ring of intelligence
 g - a ring of fire
 l - a +6 ring of dexterity (left hand)
Scrolls
 d - 2 scrolls of teleportation {unknown}
 e - 2 scrolls of magic mapping {unknown}
 j - a scroll of enchant weapon {unknown}
 k - 4 scrolls of identify {unknown}
 m - a scroll of brand weapon {unknown}
 r - a scroll of enchant armour {unknown}
Potions
 b - a potion of flight {unknown}
 f - a potion of berserk rage {unknown}
 h - a potion of might {unknown}
 i - 2 potions of ambrosia
 p - a potion of brilliance {unknown}
 s - a potion of curing
 t - 2 potions of heal wounds {unknown}


   Skills:
 + Level 6.2 Fighting
 + Level 6.9 Ranged Weapons
 - Level 2.1 Dodging
 - Level 0.7 Stealth


You had 5 spell levels left.
You didn't know any spells.
Your spell library was empty.

Dungeon Overview and Level Annotations

Branches:
Dungeon (3/15)

Altars:
Trog


Innate Abilities, Weirdness & Mutations

You have a pair of horns on your head.
You reflexively headbutt those who attack you in melee.


Message History

An orc comes into view. It is wielding a +0 war axe.
The gnoll barely misses you.
The gnoll hits you from afar with a +0 spear.
You shoot an arrow. The arrow hits the gnoll.
The gnoll is severely wounded.
The gnoll barely misses you.
You shoot an arrow. The arrow hits the gnoll.
You kill the gnoll!
The gnoll hits you with a +0 whip of electrocution!
A gnoll comes into view. It is wielding a +0 flail.
The orc hits you but does no damage. The gnoll closely misses you.
The gnoll hits you with a +0 whip of electrocution.
You shoot an arrow. The gnoll shouts!
The arrow hits the gnoll.
The gnoll is moderately wounded.
The gnoll hits you from afar with a +0 halberd!
The gnoll barely misses you. The orc misses you. You furiously retaliate!
You headbutt the orc!
You kill the orc!
The gnoll hits you with a +0 whip of electrocution.
The gnoll closely misses you.
The gnoll hits you from afar with a +0 halberd.
The gnoll hits you with a +0 whip of electrocution.
The gnoll hits you but does no damage. The gnoll attacks as you move away!
The gnoll hits you with a +0 whip of electrocution.
You are electrocuted!!
* * * LOW HITPOINT WARNING * * *
Things that are here:
a +0 spear; a gnoll corpse The gnoll attacks as you move away!
The gnoll hits you with a +0 whip of electrocution.
* * * LOW HITPOINT WARNING * * *
You see here a +0 club.
You see here a +0 club.
The gnoll attacks as you move away! The gnoll misses you.
The gnoll attacks as you move away!
The gnoll hits you with a +0 whip of electrocution!
You die...

..........#....................#
.....)....##...###..........##.##
.......#.........##...(......#.##
.........#..####...............#.
.#.>#.......## ###.........#..[.
....#...#....### ##.........##.#.
...>...###...).##...........#....
....#### ##.##g...#...........##.
....#######)..gg@..........†).###
#.#...........o............<..###
.............g.............†P..[.
~~~≈~~~....~~~≈~~~~~~≈~~~~~~~~...
≈≈~~≈≈≈....≈~~~≈≈≈≈≈≈≈≈≈≈≈≈≈~~...
~~~~~~~....~)≈≈≈~≈~≈≈~≈#####≈~...
...........)...........#.o #≈~...
#######''))#############.. #≈~...
#...)# #+###≈~P..


You could see 4 gnolls and an orc.

Vanquished Creatures
  2 howler monkeys (D:3)
  2 hounds (D:3)
  An orc priest (D:2)
  7 adders
  7 gnolls (D:3)
  An ufetubus (D:3)
  A worm (D:2)
  2 dart slugs
  10 orcs
  7 endoplasms
  A giant cockroach (D:1)
  7 goblins
  2 hobgoblins
  12 jackals (D:3)
  6 kobolds
  A quokka (D:2)
  8 ball pythons
  6 bats
  3 frilled lizards
  6 rats
92 creatures vanquished.

Notes
Turn   | Place    | Note
-------+----------+-------------------------------------------
     0 | D:1      | safid the Minotaur Hunter began the quest for the Orb.
     0 | D:1      | Reached XP level 1. HP: 18/18 MP: 0/0
   167 | D:1      | Reached XP level 2. HP: 25/25 MP: 1/1
   225 | D:1      | Found a faded altar of an unknown god.
   573 | D:1      | Reached skill level 5 in Ranged Weapons
   860 | D:2      | Reached XP level 3. HP: 31/31 MP: 2/2
  1062 | D:2      | Found a bloodstained altar of Trog.
  1148 | D:2      | Reached XP level 4. HP: 40/40 MP: 3/3
  1418 | D:2      | Reached XP level 5. HP: 42/47 MP: 4/4
  1603 | D:3      | Reached skill level 5 in Fighting
  1713 | D:3      | Reached XP level 6. HP: 56/56 MP: 5/5
  2117 | D:3      | Slain by a gnoll

Illustrated notes

Levels and vault maps discovered:
D:1:      reono_arrival_forest_river, layout_loops_cross,
          hellmonk_ecumenical_altar_slurped_away
D:2:      layout_rooms, basic_altar, guppyfry_early_lair_pool
D:3:      lemuel_castle_with_subvaults [lemuel_castle_interior_carwin_2],
          layout_rooms

Skill      XL: |  1  2  3  4  5  6 |
---------------+-------------------+-----
Fighting       | 3 4 5 6 |  6.2
Ranged Weapons | 5 6 |  6.9
Dodging        | |  2.1
Stealth        | |  0.7

Action                   |  1- 3 |  4- 6 || total
-------------------------+-------+-------++-------
 Fire: Shortbow          |    92 |   153 ||   245
Armor: Leather armour    |     7 |     3 ||    10
       Scale mail        |       |    22 ||    22
Dodge: Dodged            |    18 |    44 ||    62
